 Dungeon Crawl Stone Soup version 0.29.0-4-gdea44cf6ec (webtiles) character file.

Game seed: 13611974907125405467

15 qw the Sneak (level 2, -2/19 HPs)
             Began as a Gargoyle Delver on Sept 10, 2022.
             Killed from afar by an orc wizard (10 damage)
             ... with a puff of flame
             ... on level 4 of the Dungeon.
             The game lasted 00:00:06 (367 turns).

qw the Sneak (Gargoyle Delver)                       Turns: 367, Time: 00:00:06

Health: -2/19      AC:  5    Str: 15    XL:     2   Next: 50%
Magic:  2/2        EV: 11    Int: 10    God:
Gold:   20         SH:  0    Dex: 11    Spells: 1/1 levels left

rFire   . . .      SeeInvis .   Y - +0 hand axe
rCold   . . .      Faith    .   (no shield)
rNeg    + . .      Spirit   .   b - +0 leather armour
rPois   inf        Reflect  .   (no helmet)
rElec   +          Harm     .   (no cloak)
rCorr   .          Rampage  .   (no gloves)
Will    .....                   (no boots)
Stlth   +++.......              (no amulet)
HPRegen 0.06/turn               (no ring)
MPRegen 0.08/turn               (no ring)

@: no status effects
A: sickness immunity, AC +2, negative energy resistance 1, electricity
resistance, torment resistance 1, petrification resistance
a: no special abilities


You were on level 4 of the Dungeon.
You visited 1 branch of the dungeon, and saw 2 of its levels.

You collected 20 gold pieces.


Innate Abilities, Weirdness & Mutations

You are immune to sickness and miasma.
Your stone body is resilient. (AC +2)
You are immune to poison.
You resist negative energy. (rN+)
You are resistant to electric shocks. (rElec)
You are resistant to unholy torment.
You are immune to petrification.


   Skills:
 - Level 3.2 Fighting
 + Level 2.7 Axes
 - Level 1.5 Dodging
 - Level 5.4 Stealth


You had one spell level left.
You didn't know any spells.
Your spell library was empty.

Inventory:

Hand Weapons
 a - a +0 club
 Y - a +0 hand axe (weapon)
Armour
 b - a +0 leather armour (worn)
Wands
 g - a wand of digging (3)
Scrolls
 c - a scroll of identify {unknown}
Potions
 f - a potion of haste

Dungeon Overview and Level Annotations

Branches:
Dungeon (5/15)
 Temple: D:4-7

Altars:

Annotations:
D:4 3 runed translucent doors, qw's ghost, amateur BaCK; qw's ghost, amateur GrFi


Message History

Qw's ghost whispers, "It is all a dream - a grotesque and foolish dream."
Qw's ghost shrieks, "What do you have that I didn't have?"
Qw's ghost shouts, "Do you think the gods will protect you?"
Qw's ghost ripples.
Qw's ghost shouts, "Very impressive.
But it won't help.
Nothing will."
Qw's ghost ripples.
Qw's ghost says very slowly, "There's no hope."
Qw's ghost says, "I'll split you in two!"
Qw's ghost says, "Try not to bleed too much." x2
Qw's ghost wails, "Death is your only future!"
HP restored.
Found a dagger.
Qw's ghost shrieks, "They lied to you.
The Dungeon just goes down and down forever."
c - a scroll labelled QUM WURHEDOW Qw's ghost hits the withered plant.
The withered plant begins to crumble.
Qw's ghost hits something!
An orc wizard comes into view. It is wielding a +0 dagger.
Enter note:
Enter note:
Found a stone staircase leading up.
The orc wizard hits you with a +0 dagger.
You barely miss the orc wizard.
The orc wizard gestures at you while chanting.
The puff of flame hits you!
The orc wizard hits you with a +0 dagger.
You hit the orc wizard.
The orc wizard is moderately wounded.
The orc wizard hits you but does no damage.
You closely miss the orc wizard.
The orc wizard is moderately wounded.
The orc wizard closely misses you.
You hit the orc wizard.
The orc wizard is heavily wounded.
The orc wizard hits you but does no damage.
You closely miss the orc wizard.
The orc wizard is heavily wounded.
The orc wizard gestures at you while chanting.
The puff of flame hits you!
Ouch! That really hurt!
You die...

#.# #.#
#.# #.#
#.# #.#
..# #.#
#.# #.#
#.#
#######.##
.......@.#
#######o.#
#..# #..#
...# ##<#
.# .#


You could see an orc wizard.

Vanquished Creatures
  An adder (D:4)
  An orc (D:4)
  An endoplasm (D:4)
  A giant cockroach (D:4)
  A hobgoblin (D:4)
5 creatures vanquished.

Vanquished Creatures (others)
  3 withered plants (D:4)
3 creatures vanquished.

Grand Total: 8 creatures vanquished

Notes
Turn   | Place    | Note
-------+----------+-------------------------------------------
     0 | D:5      | qw the Gargoyle Delver began the quest for the Orb.
     0 | D:5      | Reached XP level 1. HP: 14/14 MP: 1/1
     0 | D:5      | 0 ||| qw: Version: 0.1-a-116-g5d60599
     0 | D:5      | 0 ||| qw: Game counter: 7780
     0 | D:5      | 0 ||| qw: Always use a shield: true
     0 | D:5      | 0 ||| qw: God list: Okawaru
     0 | D:5      | 0 ||| qw: Allow faded altars: false
     0 | D:5      | 0 ||| qw: Do Orc after D:15 true
     0 | D:5      | 0 ||| qw: Do second Lair branch before Depths: true
     0 | D:5      | 0 ||| qw: Lair rune preference: random
     0 | D:5      | 0 ||| qw: Plans: Normal
     0 | D:5      | 0 ||| PLANNING D:1-11
    29 | D:5      | 29 ||| READING scroll labelled DAILOENGIU.
    30 | D:5      | 30 ||| DROPPING scroll of fog.
    31 | D:5      | 31 ||| DROPPING scroll of magic mapping.
    32 | D:5      | 32 ||| DROPPING scroll of fear.
    40 | D:4      | Found a runed translucent gate.
    40 | D:4      | Found a runed translucent gate.
    40 | D:4      | Found a runed translucent gate.
    42 | D:4      | Noticed qw's ghost (amateur GrFi)
    44 | D:4      | 44 ||| Stepping ~*~*~tactically~*~*~ (stealth).
    45 | D:4      | 45 ||| Stepping ~*~*~tactically~*~*~ (stealth).
    59 | D:4      | Reached XP level 2. HP: 12/19 MP: 2/2
    63 | D:4      | 63 ||| Stepping ~*~*~tactically~*~*~ (stealth).
    63 | D:4      | Noticed qw's ghost (amateur BaCK)
    67 | D:4      | 67 ||| Stepping ~*~*~tactically~*~*~ (stealth).
    75 | D:4      | 75 ||| Stepping ~*~*~tactically~*~*~ (stealth).
   367 | D:4      | Killed from afar by an orc wizard

Levels and vault maps discovered:
D:4:      layout_loops_ring, overflow_temple_1_default,
          nicolae_hepliaklqana_hippocampus, gammafunk_ghost_cemetery,
          uniq_eustachio
D:5:      nicolae_cairo_tiling_very_big, layout_rooms,
          minmay_temple_entry_butterflies, kennysheep_generic_room_16

Skill      XL: |  1 |
---------------+----+-----
Axes           | 2 |  2.7
Fighting       | |  3.2
Dodging        | |  1.5
Stealth        | |  5.4

Action                   || total
-------------------------++-------
Melee: Hand axe          ||    31
  Use: Scroll            ||     1
Armor: Leather armour    ||    10
Dodge: Dodged            ||    21

Table legend:
 A = Non-vault XP
 B = Vault XP
 C = Vault XP percentage of total XP
 D = Non-vault monster count
 E = Vault monster count
 F = Vault count percentage of total count
                 A         B        C        D         E       F
            +---------+---------+-------+---------+---------+-------
      Total |      22 |       0 |   0.0 |       5 |       0 |   0.0
            +---------+---------+-------+---------+---------+-------
        D:4 |      22 |       0 |   0.0 |       5 |       0 |   0.0
            +---------+---------+-------+---------+---------+-------
